 Dungeon Crawl Stone Soup version 0.18-a0-867-gfd1cc8f (webtiles) character file.

706 Raultor the Insei (level 7, -9/57 HPs)
             Began as a Pale Draconian Transmuter on Dec 21, 2015.
             Was a Follower of Ashenzari.
             Shot with an arrow by a centaur (13 damage)
             ... on level 5 of the Dungeon.
             The game lasted 00:14:16 (6450 turns).

Raultor the Insei (Pale Draconian Transmuter)       Turns: 6450, Time: 00:14:16

Health: -9/57      AC:  7    Str: 12    XL:     7   Next: 39%
Magic:  10/10      EV: 13    Int: 14    God:    Ashenzari [*.....]
Gold:   101        SH:  0    Dex: 13    Spells: 2 memorised, 7 levels left

rFire  . . .     SeeInvis .       - Unarmed
rCold  + . .     Gourm    .     (armour unavailable)
rNeg   . . .     Faith    .     (no shield)
rPois  +         Spirit   .     (helmet restricted)
rElec  .         Dismiss  .     (no cloak)
rCorr  .         Reflect  .     (no gloves)
SustAt .         Harm     .     v - +0 pair of boots (curse)
MR     .....                    (no amulet)
Stlth  +.........               y - ring of poison resistance {rPois, !d}
                                h - ring of protection from cold {rC+, !d}

@: not resistant to hostile enchantments, very unstealthy
A: breathe steam, unfitting armour, cold-blooded, AC +6
a: Breathe Steam, Scrying, Renounce Religion


You were on level 5 of the Dungeon.
You worshipped Ashenzari.
Ashenzari was aware of your devotion.
You were hungry.

You visited 2 branches of the dungeon, and saw 6 of its levels.

You collected 301 gold pieces.
You spent 200 gold pieces at shops.

Inventory:

Missiles
 a - 88 arrows
 u - 11 poisoned arrows
Armour
 v - a cursed +0 pair of boots (worn)
   (You found it on level 4 of the Dungeon)
Jewellery
 h - a ring of protection from cold (left hand) {rC+, !d}
   (You found it on level 2 of the Dungeon)
 m - an uncursed ring of sustain attributes
   (You found it on level 4 of the Dungeon)
 s - an uncursed ring of ice {rC+, rF-}
   (You found it on level 4 of the Dungeon)
 x - an uncursed ring of protection from cold {rC+, !d}
   (You found it on level 4 of the Dungeon)
 y - a ring of poison resistance (right hand) {rPois, !d}
   (You bought it in a shop on level 4 of the Dungeon)
Wands
 z - a wand of magic darts (30/48)
   (You found it on level 4 of the Dungeon)
Scrolls
 e - 5 scrolls of identify {unknown}
 i - a scroll of recharging {unknown}
 l - 3 scrolls of fog {unknown}
 r - a scroll of amnesia {unknown}
 t - a scroll of teleportation {unknown}
 w - 2 scrolls of curse weapon
Potions
 d - 2 potions of invisibility {unknown}
 g - a potion of flight {unknown}
 j - 2 potions of cure mutation {unknown}
 o - 2 potions of heal wounds {unknown}
 p - 2 potions of cancellation {unknown}
 q - a potion of poison {unknown}
Books
 b - a book of Changes
Comestibles
 c - 5 bread rations {@e1}
 k - 3 beef jerkies
 n - 3 meat rations {@e2}


   Skills:
 + Level 3.6 Fighting
 + Level 3.7 Dodging
 * Level 5.7 Unarmed Combat
 - Level 2.0 Spellcasting
 + Level 4.6 Transmutations


You had 7 spell levels left.
You knew the following spells:

 Your Spells              Type           Power        Failure   Level  Hunger
a - Beastly Appendage     Trmt           ##....       3%          1    ##.....
s - Sticks to Snakes      Trmt           ##......     6%          2    ###....


Dungeon Overview and Level Annotations

Branches:
Dungeon (5/15)             Temple (1/1) D:4

Altars:
Ashenzari
Fedhas
Kikubaaqudgha
Makhleb
Nemelex Xobeh
Okawaru
Pakellas
Qazlal
Ru
Sif Muna
Trog
Vehumet
Xom
Yredelemnul
Zin

Shops:
D:4 *

Annotations:
D:3 exclusion: ice beast


Innate Abilities, Weirdness & Mutations

You can breathe blasts of scalding, opaque steam.
Your pale cyan-grey scales are hard (AC +6).
Your body does not fit into most forms of armour.
You are cold-blooded and may be slowed by cold attacks.


Message History

You hit the crimson imp. You barely miss the crimson imp.
The crimson imp misses you.
You hit the crimson imp. The crimson imp hits you.
You take 1 damage, and have 53/57 hp.
You closely miss the crimson imp.
The crimson imp hits you but does no damage.
You hit the crimson imp.
The crimson imp hits you but does no damage.
You hit the crimson imp but do no damage.
Your tail-slap misses the crimson imp.
The crimson imp blinks!
The crimson imp barely misses you.
You completely miss the crimson imp. The crimson imp closely misses you.
You miss the crimson imp.
The crimson imp hits you but does no damage.
You closely miss the crimson imp.
The crimson imp hits you but does no damage.
You barely miss the crimson imp. The crimson imp hits you.
You take 1 damage, and have 54/57 hp.
You hit the crimson imp.
Your tail-slap misses the crimson imp.
The crimson imp closely misses you.
You hit the crimson imp but do no damage.
You hit the crimson imp. The crimson imp misses you.
You hit the crimson imp.
You punch the crimson imp, but do no damage.
The crimson imp closely misses you.
You hit the crimson imp but do no damage.
The crimson imp barely misses you.
You hit the crimson imp but do no damage.
The crimson imp hits you but does no damage.
You hit the crimson imp but do no damage.
Your tail-slap misses the crimson imp.
The crimson imp barely misses you.
You closely miss the crimson imp. The crimson imp barely misses you.
You hit the crimson imp. The crimson imp closely misses you.
You closely miss the crimson imp.
You punch the crimson imp, but do no damage.
The crimson imp barely misses you.
You closely miss the crimson imp. The crimson imp misses you.
You punch the crimson imp!
You kill the crimson imp!
No target in view!
No target in view!
Found a stone staircase leading up.
Health restored: 57
Found a stone staircase leading down.
n - 3 meat rations {@e2} (gained 1)
Found a stone staircase leading down.
You open the door.
Found a stone staircase leading up.
There is an open door here.
As you open the door, it creaks loudly!
There is an open door here.
There is a stone staircase leading up here.
You found a teleport trap!
You open the door.
There is an open door here.
You can now scry through walls.
You now have 101 gold pieces (gained 11).
You open the door.
There is an open door here.
c - 5 bread rations {@e1} (gained 1)
You found a teleport trap!
A centaur comes into view.
You are starving!
The centaur shouts!
The centaur wields a shortbow.
The centaur shoots an arrow.
The arrow hits you but does no damage.
You see here an arrow.
Eat which item? (? for menu, Esc to quit)
You are feeling hungry.
The centaur shoots an arrow.
The arrow hits you!
Mmm...
Chicken.
You take 11 damage, and have 46/57 hp.
The centaur shoots an arrow.
The arrow hits you but does no damage.
The centaur shoots an arrow.
The arrow barely misses you.
You see here an arrow.
The centaur shoots an arrow.
The arrow hits you.
You see here an arrow.
You take 5 damage, and have 41/57 hp.
The centaur shoots an arrow.
The arrow hits you.
The centaur shoots an arrow.
The arrow hits you.
The centaur shoots an arrow.
The arrow misses you.
You see here an arrow.
You take 11 damage, and have 30/57 hp.
The teleport trap disappears.
The quokka disappears!
The centaur shoots an arrow.
The arrow hits you!
There is an open door, spattered with blood here.
You see here an arrow.
You take 11 damage, and have 19/57 hp.
As you open the door, it creaks loudly!
The centaur shoots an arrow.
The arrow hits you!
* * * LOW HITPOINT WARNING * * *
The centaur shoots an arrow.
The arrow closely misses you.
You take 9 damage, and have 11/57 hp.
There is an open door here.
You close the door.
The centaur shoots an arrow.
The arrow closely misses you.
The centaur shoots an arrow.
The arrow closely misses you.
The centaur shoots an arrow.
The arrow hits you!
* * * LOW HITPOINT WARNING * * *
The centaur shoots an arrow.
The arrow hits you!
You die...

..##..........#
##...#.......#
##....#.......#
##.....##......#
##....####......#
#...............#
+.#...............# #..
#.@..........# #..
#.......c....# #..
####.####....####
####.#######+####....##.#
#............(.(..(.(...#
#..............#...c((..#
#..............#.......(#
##...##...####.##..##...#


You could see a centaur.

Vanquished Creatures
  2 phantoms (D:4)
  A crimson imp (D:5)
  2 hounds
  An orc priest (D:3)
  2 orc wizards (D:3)
  2 giant frog skeletons (D:4)
  An iguana (D:4)
  15 adders
  2 worms (D:2)
  12 giant geckos
  7 orcs (D:3)
  14 bats
  4 giant cockroaches
  6 goblins
  11 hobgoblins
  9 jackals
  8 kobolds
  A quokka (D:2)
  4 ball pythons
  8 giant newts
  A quokka skeleton (D:4)
  14 rats
127 creatures vanquished.

Vanquished Creatures (collateral kills)
  Ijyb (D:2)
  A quokka (D:2)
2 creatures vanquished.

Grand Total: 129 creatures vanquished

Notes
Turn   | Place    | Note
--------------------------------------------------------------
     0 | D:1      | Raultor the Draconian Transmuter began the quest for the Orb.
     0 | D:1      | Reached XP level 1. HP: 16/16 MP: 3/3
   217 | D:1      | Reached XP level 2. HP: 14/23 MP: 5/5
   223 | D:1      | Learned a level 2 spell: Sticks to Snakes
   669 | D:1      | Reached skill level 2 in Dodging
  1161 | D:2      | Reached XP level 3. HP: 23/28 MP: 6/6
  1215 | D:2      | Found a shimmering altar of Xom.
  1242 | D:2      | Found an ancient bone altar of Kikubaaqudgha.
  1613 | D:2      | Noticed Ijyb
  1626 | D:2      | Killed Ijyb
  1626 | D:2      | Reached XP level 4. HP: 27/36 MP: 1/7
  1859 | D:2      | Reached skill level 4 in Unarmed Combat
  2022 | D:2      | HP: 9/36 [poisoned by an adder]
  2027 | D:2      | HP: 6/36 [poisoned by an adder]
  2033 | D:2      | HP: 4/36 [poisoned by an adder]
  2039 | D:2      | HP: 3/36 [poisoned by an adder]
  2047 | D:2      | HP: 1/36 [poisoned by an adder]
  2408 | D:3      | Reached skill level 2 in Fighting
  2454 | D:3      | Reached skill level 3 in Transmutations
  2478 | D:3      | HP: 7/36 [orc priest/nerve-wracking pain (10)]
  2481 | D:3      | Reached XP level 5. HP: 7/41 MP: 8/8
  2846 | D:3      | Found a sacrificial altar of Ru.
  3223 | D:3      | Noticed an ice beast
  3680 | D:3      | Reached skill level 3 in Dodging
  3705 | D:3      | Reached XP level 6. HP: 25/50 MP: 7/9
  4460 | D:4      | Reached skill level 3 in Fighting
  4460 | D:4      | Reached skill level 5 in Unarmed Combat
  4460 | D:4      | Reached skill level 4 in Transmutations
  4619 | D:4      | Found a staircase to the Ecumenical Temple.
  4637 | Temple   | Entered the Ecumenical Temple
  4729 | Temple   | Became a worshipper of Ashenzari the Shackled
  4805 | D:4      | Found an oddly glowing altar of Pakellas.
  5057 | D:4      | Your scales start taking on a pale cyan-grey colour.
  5057 | D:4      | Reached XP level 7. HP: 27/57 MP: 8/10
  5354 | D:4      | Found Nastutoc's General Store.
  5359 | D:4      | Bought an uncursed ring of poison resistance for 200 gold pieces
  6242 | D:5      | Entered Level 5 of the Dungeon
  6242 | D:5      | Found a bloodstained altar of Trog.
  6389 | D:5      | Reached * piety under Ashenzari
  6444 | D:5      | HP: 11/57 [centaur/arrow (9)]
  6450 | D:5      | HP: 4/57 [centaur/arrow (8)]
  6450 | D:5      | Shot with an arrow by a centaur

Vault maps used:
D:1:      dpeg_arrival_short_road, minmay_rat_gold_closets
D:2:      nicolae_overflow_crystal_walls, old_standard_altar, first_bread,
          uniq_iyjb
D:3:      nicolae_ru_great_annihilating_truth
D:4:      lemuel_doored_altar, temple_pool_b, serial_shops, shop,
          minmay_lizard_king
D:5:      tso_metal_star, basic_altar
Temple:   triangle_lava_temple_11

Action                   |  1- 3 |  4- 6 |  7- 9 || total
-------------------------+-------+-------+-------++-------
Melee: Unarmed           |   150 |   389 |   105 ||   644
 Cast: Sticks to Snakes  |     2 |     5 |       ||     7
       Beastly Appendage |     1 |     9 |     1 ||    11
  Use: Scroll            |       |     1 |       ||     1
 Stab: Sleeping          |     2 |     1 |       ||     3
       Invisible         |       |     1 |       ||     1
       Paralysed         |       |     1 |       ||     1
  Eat: Chunk             |     2 |    10 |       ||    12
       Meat ration       |       |     1 |       ||     1
       Pizza             |       |       |     1 ||     1

Vault maps used:
D:1:      dpeg_arrival_short_road, minmay_rat_gold_closets
D:2:      nicolae_overflow_crystal_walls, old_standard_altar, first_bread,
          uniq_iyjb
D:3:      nicolae_ru_great_annihilating_truth
D:4:      lemuel_doored_altar, temple_pool_b, serial_shops, shop,
          minmay_lizard_king
D:5:      tso_metal_star, basic_altar
Temple:   triangle_lava_temple_11

Table legend:
 A = Turns spent in this place as a percentage of turns spent in the entire game.
 B = Non-inter-level travel turns spent in this place as a percentage of non-inter-level travel turns spent in the entire game.
 C = Inter-level travel turns spent in this place as a percentage of turns spent in this place.
 D = Turns resting spent in this place as a percentage of non-inter-level travel turns spent in this place.
 E = Turns spent auto-exploring this place as a percentage of non-inter-level travel turns spent in this place.
 F = Non-inter-level travel turns spent in this place divided by the number of levels of this place that you've seen.
                   A       B       C       D       E      F
               +-------+-------+-------+-------+-------+----------------------
         Total | 100.0 | 100.0 |   0.3 |   3.3 |  10.6 | 247.7
       Dungeon |  97.6 |  97.6 |   0.3 |   3.4 |  10.3 | 290.2
        Temple |   2.4 |   2.4 |   2.8 |   0.0 |  22.9 |  35.0
               +-------+-------+-------+-------+-------+----------------------

Table legend:
 A = Kills in this place as a percentage of kills in entire the game.
 B = Kills by you in this place as a percentage of kills by you in the entire game.
 C = Kills by friends in this place as a percentage of kills by friends in the entire game.
 D = Other kills in this place as a percentage of other kills in the entire game.
 E = Experience gained in this place as a percentage of experience gained in the entire game.
 F = Experience gained in this place divided by the number of levels of this place that you have seen.
                   A       B       C       D       E      F
               +-------+-------+-------+-------+-------+----------------------
         Total | 100.0 | 100.0 | 100.0 |  -nan | 100.0 | 168.2
       Dungeon | 100.0 | 100.0 | 100.0 |  -nan | 100.0 | 201.8
               +-------+-------+-------+-------+-------+----------------------
